 Dungeon Crawl Stone Soup version 0.21.1-1-g345015fe64 (webtiles) character file.

44 Naru the Shooter (level 3, -3/30 HPs)
             Began as a Centaur Hunter on June 8, 2018.
             Slain by Terence
             ... wielding a +0 mace
              (4 damage)
             ... on level 2 of the Dungeon.
             The game lasted 00:06:26 (1011 turns).

Naru the Shooter (Centaur Hunter)                   Turns: 1011, Time: 00:06:27

Health: -3/30      AC:  5    Str: 15    XL:     3   Next: 39%
Magic:  3/3        EV:  8    Int: 10    God:
Gold:   51         SH:  4    Dex: 11    Spells: 2/2 levels left

rFire    . . .     SeeInvis .   b - +0 short sword
rCold    . . .     Gourm    .   (no shield)
rNeg     . . .     Faith    .   e - +0 ring mail
rPois    .         Spirit   .   (no helmet)
rElec    .         Reflect  .   (no cloak)
rCorr    .         Harm     .   (no gloves)
MR       .....                  (no barding)
Stlth    ..........             (no amulet)
HPRegen  0.10/turn              (no ring)
MPRegen  0.08/turn              (no ring)

@: very quick
A: large, hooves 3, large bone plates 1, agile 1, blurry vision 1, deformed
body, speed 2, tough skin 3, evolution 1
a: no special abilities


You were on level 2 of the Dungeon.
You were not hungry.

You visited 1 branch of the dungeon, and saw 2 of its levels.

You collected 51 gold pieces.

Inventory:

Hand Weapons
 a - a +1 shortbow
 b - a +0 short sword (weapon)
Missiles
 j - 6 sling bullets
Armour
 c - a +0 leather armour
 e - a +0 ring mail (worn)
Scrolls
 h - a scroll of amnesia
 k - a scroll of teleportation {unknown}
 l - a scroll of identify
Potions
 g - a potion of degeneration {unknown}
 i - a potion of heal wounds {unknown}
 m - a potion of berserk rage {unknown}
Comestibles
 f - 4 rations


   Skills:
 + Level 2.5 Fighting
 + Level 6.4 Bows
 + Level 0.1 Armour
 + Level 1.5 Dodging
 + Level 0.5 Stealth


You had 2 spell levels left.
You didn't know any spells.

Dungeon Overview and Level Annotations

Branches:
Dungeon (2/15)

Altars:

Annotations:
D:2 Terence


Innate Abilities, Weirdness & Mutations

You have hooves in place of feet.
Armour fits poorly on your strangely shaped body.
You cover ground very quickly.
You have extremely tough skin. (AC +3)
You are partially covered in large bone plates. (SH +4)
You are agile. (Dex +2)
Scrolls take you a little longer to read.
You evolve.


Message History

You block the frilled lizard's attack.
You closely miss the giant cockroach. Terence hits you with a mace.
* * * LOW HITPOINT WARNING * * *
The giant cockroach closely misses you. The frilled lizard bites you.
* * * LOW HITPOINT WARNING * * *
The giant cockroach bites you but does no damage.
You hit the giant cockroach but do no damage.
Your kick misses the giant cockroach.
The giant cockroach bites you but does no damage.
Terence hits you but does no damage. The giant cockroach bites you.
* * * LOW HITPOINT WARNING * * *
The frilled lizard barely misses you.
The giant cockroach bites you but does no damage.
Unknown command.
Unknown command.
You hit the giant cockroach.
You kill the giant cockroach!
The frilled lizard bites you but does no damage.
Terence hits you with a mace.
You die...

≈≈≈≈ ..# .#
≈≈≈≈≈ #.# #.##
≈≈≈≈. ... .....
≈≈≈≈..#.# ...
.≈≈≈≈.......
≈≈≈≈≈.#.#.#
≈≈≈≈≈≈l@..# ###
(≈≈≈..s@# )...
...≈..#s##(.s[.
..... #s.......
..#. #.#......
... #.#..s...
### #.# ..... .
..# #†##.....
#. #.#
#(.##....
#.###.#
##..#####


You could see Terence, 3 giant cockroaches and a frilled lizard.

Vanquished Creatures
  An ooze (D:1)
  6 bats
  6 giant cockroaches
  6 goblins (D:1)
  5 hobgoblins (D:1)
  2 jackals (D:1)
  A kobold (D:1)
  5 rats (D:1)
32 creatures vanquished.

Notes
Turn   | Place    | Note
-------+----------+-------------------------------------------
     0 | D:1      | Naru the Centaur Hunter began the quest for the Orb.
     0 | D:1      | Reached XP level 1. HP: 17/17 MP: 1/1
   123 | D:1      | Reached XP level 2. HP: 18/24 MP: 2/2
   192 | D:1      | Reached skill level 6 in Bows
   645 | D:1      | Reached XP level 3. HP: 30/30 MP: 3/3
   862 | D:1      | Gained mutation: You are partially covered in large bone plates. (SH +4) [potion of mutation]
   862 | D:1      | Gained mutation: You evolve. [potion of mutation]
   862 | D:1      | Gained mutation: Scrolls take you a little longer to read. [potion of mutation]
   862 | D:1      | Gained mutation: You are agile. (Dex +2) [potion of mutation]
   993 | D:2      | Noticed Terence
  1010 | D:2      | HP: 1/30 [giant cockroach (1)]
  1011 | D:2      | Slain by Terence

Skill      XL: |  1  2 |
---------------+-------+-----
Bows           | 6 |  6.4
Fighting       | |  2.5
Armour         | |  0.1
Dodging        | |  1.5
Stealth        | |  0.5

Action                   || total
-------------------------++-------
Melee: Short sword       ||     6
       Kick              ||     1
 Fire: Shortbow          ||    89
  Use: Scroll            ||     5
       Potion            ||     1
Armor: Leather armour    ||    27
       Ring mail         ||    13
Dodge: Dodged            ||    39
Block: Other             ||     7
